[Event "14th Karen Asrian Memorial 2024"]
[Site "Yerevan"]
[Date "2024.04.25"]
[Round "2.2"]
[White "Andriasian, Zaven"]
[Black "Atoyan, Alberto"]
[Result "1/2-1/2"]
[ECO "C54"]
[WhiteElo "2570"]
[BlackElo "2243"]
[Annotator "TA"]
[PlyCount "77"]
[EventDate "2024.04.24"]
[EventType "swiss"]
[EventCountry "ARM"]
[SourceTitle "playchess.com"]
[Source "ChessBase"]
[SourceQuality "1"]
[TimeControl "40/5400+30:1800+30"]

1. e4 e5 2. Nf3 Nc6 3. Bc4 Bc5 4. d3 Nf6 5. Nbd2 d6 6. c3 a5 7. O-O O-O 8. h3 h6 {[%emt 0:00:56] The position is equal.} 9. Re1 Be6 10. Bb5 Qb8 11. Nh4 Qa7 12. Qf3 Ne7 13. Nf1 {[%emt 0:02:18] [#]} (13. Nf5 $11 {keeps the balance.} Nxf5 14. exf5) 13... Ng6 $1 $17 14. Nf5 Bxf5 15. exf5 Nh4 16. Qe2 Nxf5 17. g4 (17. Ba4 $17) 17... Ne7 (17... Nh4 $19 {...a4 is the strong threat.} 18. Ng3 c6) 18. g5 hxg5 19. Bxg5 {[%emt 0:00:42][%cal Od3d4] [#]} Ned5 $1 20. d4 exd4 21. Qf3 Nh7 22. Bd2 dxc3 23. bxc3 Ndf6 (23... c6 $19 24. Bd3 b5) 24. Ng3 c6 25. Bd3 Rfe8 26. Nf5 g6 (26... b5 $17 27. Rxe8+ Rxe8 28. Qxc6 Bxf2+ 29. Kg2 b4 30. cxb4 axb4 31. Bxb4 Bc5 32. Bxc5 dxc5) 27. Nh6+ Kg7 28. Qg2 (28. Ng4 $17 {was worth a try.} Nxg4 29. hxg4) 28... b5 $19 29. Kh1 Kh8 $2 ({Much less strong is} 29... Rxe1+ 30. Rxe1 d5 (30... Bxf2 $2 31. Re7 $18) 31. Rg1) ({Black should try} 29... d5 $19 {...Qd7 would now be deadly.} 30. Nf5+ Kf8 31. Bh6+ Kg8) 30. f4 Rxe1+ (30... Bf2 $15 31. Rxe8+ Rxe8 32. Nxf7+ Qxf7 33. Bxg6 Qd5 34. Qxd5 cxd5 35. Bxe8 Nxe8) 31. Rxe1 $11 Re8 32. Rxe8+ Nxe8 33. f5 (33. Qxc6 Nef6 34. Qf3 Kg7) 33... g5 34. Bxg5 Nef6 35. Bd2 (35. Bf4 $11) 35... Qe7 (35... d5 $1 $15) 36. Qg3 ({Reject} 36. Qxc6 Be3 37. Nxf7+ Kg7 38. Bxe3 (38. Nxd6 $2 {loses.} Bxd2 39. Qb7 Qxb7+ 40. Nxb7 Nd5 $19) 38... Qxe3 $19) (36. c4 $5 bxc4 37. Bxc4 $11) 36... Qf8 {[%emt 0:01:04] Black is slightly better.} 37. Ng4 Nxg4 38. hxg4 {[%emt 0:00:11][%cal Of5f6] aiming for f6!} f6 39. g5 {[%emt 0:03:44] White happily takes the draw.   Weighted Error Value: White=0.25 (precise) /Black=0.22 (precise) .  Mistake:       	White=5     	Black=6      Inaccurate:     	White=6     	---        OK:         	White=11    	Black=13     Best:        	White=1     	Black=2      Strong:       	---       	Black=2} ({White should play} 39. c4 $15) 1/2-1/2

[Event "14th Karen Asrian Memorial 2024"]
[Site "Yerevan"]
[Date "2024.04.25"]
[Round "2.3"]
[White "Korshunov, Sergey And."]
[Black "Pranesh M"]
[Result "1/2-1/2"]
[ECO "C60"]
[WhiteElo "2286"]
[BlackElo "2538"]
[Annotator "TA"]
[PlyCount "47"]
[EventDate "2024.04.24"]
[EventType "swiss"]
[EventCountry "ARM"]
[SourceTitle "playchess.com"]
[Source "ChessBase"]
[SourceQuality "1"]
[TimeControl "40/5400+30:1800+30"]

1. e4 e5 2. Nf3 Nc6 3. Bb5 a6 4. Ba4 Nge7 5. O-O Ng6 6. c3 d5 7. exd5 Qxd5 8. d4 {[%emt 0:05:45][%cal Oc3c4] [#] Strongly threatening c4!} Bg4 9. dxe5 O-O-O {[%emt 0:02:02] White must now prevent ...Bxf3.} 10. Qxd5 Rxd5 11. Bxc6 bxc6 12. Nbd2 Bc5 13. h3 ({White should play} 13. Re1 $14) 13... Bxf3 $11 14. Nxf3 Nxe5 15. Nxe5 Rxe5 16. Be3 Bxe3 17. fxe3 {[%emt 0:01:34][%mdl 4096] Endgame. KRR-KRR} f6 18. Kf2 Rb5 19. b3 Rf5+ 20. Ke2 Rg5 21. g4 Re5 22. Rf5 {[%emt 0:00:47] Black should prevent Rxe5.} Re4 23. Rd1 Rhe8 24. Rd3 {[%emt 0:00:06] An uneventful encounter.   Weighted Error Value: White=0.08 (flawless) /Black=0.05 (flawless) .  Mistake:       	White=1     	---        Inaccurate:     	---       	Black=1      OK:         	White=12    	Black=5      Best:        	---       	Black=2} 1/2-1/2

[Event "14th Karen Asrian Memorial 2024"]
[Site "Yerevan"]
[Date "2024.04.25"]
[Round "2.4"]
[White "Ohanyan, Emin"]
[Black "Hovakimyan, Vache"]
[Result "1-0"]
[ECO "D38"]
[WhiteElo "2488"]
[BlackElo "2202"]
[Annotator "TA"]
[PlyCount "91"]
[EventDate "2024.04.24"]
[EventType "swiss"]
[EventCountry "ARM"]
[SourceTitle "playchess.com"]
[Source "ChessBase"]
[SourceQuality "1"]
[TimeControl "40/5400+30:1800+30"]

1. d4 Nf6 2. c4 e6 3. Nf3 d5 4. Nc3 Bb4 5. Bg5 h6 6. Bxf6 Qxf6 7. e3 O-O 8. Rc1 Nc6 9. Be2 Rd8 (9... dxc4 $11 10. Bxc4 Bxc3+ 11. bxc3 b6) 10. O-O dxc4 11. Bxc4 {[%emt 0:00:54] White is slightly better.} Bxc3 12. bxc3 (12. Rxc3 $14 Ne7 13. Bd3) 12... Na5 13. Bd3 b6 14. Ne5 Bb7 15. f4 {[%emt 0:08:54][%cal Bf2f4,Bf4f5,Bf5g6,Bg6f7][%mdl 32] Against Qg5} g6 {[%emt 0:07:32] Prevents Qh5.} 16. Qg4 {[%emt 0:05:27] Hoping for f5.} Nc6 $2 (16... Qg7 $16 {was worth a try.}) 17. Be4 $1 $18 Na5 (17... h5 $142 18. Qg3 Na5) 18. f5 $1 Bxe4 19. fxg6 Bf5 {[%emt 0:00:27][%cal Of6e5] ...Qxe5! is the strong threat.} 20. gxf7+ Kh7 {[%emt 0:02:39][%cal Of6e5] ...Qxe5! would now be deadly.} 21. Qf4 Qg5 22. e4 {[%emt 0:00:09] Strongly threatening Qxg5.} Bg6 {[%emt 0:01:57] [#]} 23. h4 (23. Rce1 $1 $18 Qxf4 24. Rxf4) 23... Qxf4 $16 24. Rxf4 $40 {[%emt 0:00:03][%cal Oh4h5][%mdl 128] Threatens to win with h5! White wants a kill.} h5 $2 (24... Rf8 $16 {was necessary.}) 25. Rcf1 $18 Rf8 26. R1f3 Nb7 {[%emt 0:01:59] [#]} 27. Rg3 $1 Bxf7 28. Nxf7 {[%emt 0:00:37] aiming for Rf6.} ({Less strong is} 28. Rxf7+ Rxf7 29. Nxf7 Nd8 $18) 28... Nd6 29. Ng5+ Kh6 30. Rgf3 (30. Nxe6 Rxf4 31. Nxf4 Rf8 $18) 30... Rxf4 31. Rxf4 {[%emt 0:00:03][%mdl 4096] Endgame. KRN-KRN} Re8 (31... Nb5 $142 32. Rf3 (32. Nxe6 Nxc3 33. Kf2 Nxa2 $18) 32... e5) 32. Rf6+ Kg7 33. e5 Nb5 34. Nxe6+ Kg8 35. c4 Na3 36. Nxc7 Rc8 37. Nd5 Rxc4 38. e6 {[%emt 0:00:03] Rf7 would kill now.} Nb5 39. e7 (39. Rf7 $142 Rc1+ 40. Kf2 Kh8 41. Nf6 Rc2+ 42. Kg1 Rc1+ 43. Kh2 Rc7 44. e7 (44. Nxh5 a6 $18) 44... Rxe7 45. Rxe7 Nxd4 46. Rh7#) 39... Rc8 {[%emt 0:00:06] [#]} 40. Rc6 $3 Rb8 {[%emt 0:00:00] [#]} 41. e8=Q+ $1 Rxe8 42. Nf6+ Kf7 43. Nxe8 ({Weaker is} 43. Nxh5 Re4 $16) 43... Kxe8 44. d5 Kd7 {[%emt 0:00:41] [#]} 45. g4 $1 hxg4 (45... Nd4 46. gxh5) 46. h5 {[%emt 0:00:02] Weighted Error Value: White=0.28 (precise) /Black=0.68.  Loses game:     	---       	Black=1      Mistake:       	White=2     	Black=4      Inaccurate:     	---       	Black=5      OK:         	White=11    	Black=12     Best:        	White=2     	Black=2      Strong:       	White=3     	---} 1-0

[Event "14th Karen Asrian Memorial 2024"]
[Site "Yerevan"]
[Date "2024.04.25"]
[Round "2.5"]
[White "Sukiasyan, Vahe A."]
[Black "Davtyan, Artur"]
[Result "0-1"]
[ECO "D45"]
[WhiteElo "2258"]
[BlackElo "2474"]
[Annotator "TA"]
[PlyCount "82"]
[EventDate "2024.04.24"]
[EventType "swiss"]
[EventCountry "ARM"]
[SourceTitle "playchess.com"]
[Source "ChessBase"]
[SourceQuality "1"]
[TimeControl "40/5400+30:1800+30"]

1. d4 d5 2. c4 e6 3. Nf3 c6 4. e3 Nf6 5. Nc3 Nbd7 6. Be2 b6 7. O-O Bb7 8. b3 Be7 {[%emt 0:00:39] The position is equal.} 9. Bb2 O-O 10. a4 Bb4 11. Na2 Bd6 12. Nc3 a5 13. Qc2 Bb4 14. Rad1 Rc8 15. Bd3 c5 16. Ne5 cxd4 17. exd4 h6 18. Nb5 Nxe5 19. dxe5 Nd7 20. Qe2 Qe7 21. Bc2 (21. Nd6 {keeps more tension.} Bxd6 22. exd6 Qxd6 23. Qg4) 21... Rfd8 22. f4 Nf8 {[%emt 0:15:47] [#]} 23. Nd6 $1 {[%emt 0:14:34] Hoping for f5.} Bc5+ 24. Kh1 Bxd6 25. exd6 Qd7 (25... Rxd6 $14 26. Ba3 Nd7) 26. f5 $1 $18 {[%emt 0:06:31][%cal Ob2g7] Strongly threatening Bxg7!} dxc4 27. Qg4 c3 28. f6 $1 g6 (28... Ng6 29. Ba3 Bc6) 29. Bc1 $2 ({White should play} 29. Qh4 $18 {[%cal Oh4h6] White wants to mate with Qxh6!} Qc6 (29... cxb2 30. Qxh6 Bxg2+ 31. Kg1 Bxf1 32. Qg7#) 30. Rf3 Qxf3 (30... cxb2 31. Qxh6 Qxc2 32. Qg7#) 31. gxf3 Bxf3+ (31... cxb2 32. Qxh6 Bxf3+ 33. Kg1 Bxd1 34. Qg7#) 32. Kg1) 29... Rc5 $11 30. Bxh6 Rh5 {[%emt 0:00:01] Dancing on a razor blade.} 31. Bxf8 Kxf8 32. Rf4 $2 (32. Rd3 $1 $11) 32... Bd5 $36 {[%emt 0:05:18][%mdl 2048] Black has strong initiative.} 33. Rdf1 {[%emt 0:01:50] [#]} (33. Kg1 $142) 33... e5 $1 (33... Qxd6 34. Bxg6 fxg6 35. Qxg6 Bxg2+ (35... Rf5 $2 36. Qg7+ Ke8 37. f7+ Kd7 38. f8=Q+ $18) 36. Qxg2 $11) 34. Rf5 (34. Qxd7 {was forced.} Rxd7 35. Rg4) 34... Rxf5 (34... gxf5 35. Qg7+ Ke8 36. Qg8#) 35. Bxf5 {[%emt 0:00:18] White threatens Qh4 and mate.} Qxd6 36. Qh4 {[%emt 0:00:52][%cal Rh4h8] [#]} Ke8 $1 {[%emt 0:00:17] Active counter play! Black is clearly winning.} (36... gxf5 37. Qh8#) (36... Kg8 $2 37. Qg5 Kf8 (37... Bxb3 38. Bxg6 Kf8 39. Bf5 $11) 38. Bc2 $19) 37. Bg4 (37. Bc2 $142 Be6 38. Qe1) 37... c2 (37... Bxb3 38. Qh8+ Qf8 39. Qh3 Bxa4 40. Qxc3 $17) 38. Re1 Be6 39. Be2 Kd7 {[%emt 0:00:20][%cal Od6d2] White must now prevent ...Qd2!} (39... Bxb3 40. Bb5+ Rd7 41. Qh8+ (41. Bxd7+ $2 {too greedy.} Kxd7 42. Qh3+ Qe6 $19) 41... Qf8 42. Bxd7+ Kxd7 43. Qxf8 Be6 44. Rc1 (44. Rxe5 $2 c1=Q+)) 40. Qe4 Rc8 41. Ba6 c1=Q {[%emt 0:02:39] Weighted Error Value: White=0.77/Black=0.24 (precise) .  Loses game:     	White=1     	Black=1      Missed win:     	White=1     	---        Mistake:       	White=3     	Black=1      Inaccurate:     	---       	Black=2      OK:         	White=6     	Black=10     Best:        	White=1     	Black=6      Strong:       	White=2     	Black=2} (41... c1=B $2 {loses.} 42. Bxc8+ Kxc8 43. Qa8+ (43. Rxc1+ Kb8 $18) 43... Kd7 44. Rxc1 $18) 0-1

[Event "14th Karen Asrian Memorial 2024"]
[Site "Yerevan"]
[Date "2024.04.25"]
[Round "2.6"]
[White "Sanikidze, Tornike"]
[Black "Ghimoyan, Narek"]
[Result "1/2-1/2"]
[ECO "C01"]
[WhiteElo "2453"]
[BlackElo "2168"]
[Annotator "TA"]
[PlyCount "129"]
[EventDate "2024.04.24"]
[EventType "swiss"]
[EventCountry "ARM"]
[SourceTitle "playchess.com"]
[Source "ChessBase"]
[SourceQuality "1"]
[TimeControl "40/5400+30:1800+30"]

1. e4 e6 2. d4 d5 3. Bd3 dxe4 4. Bxe4 Nf6 5. Bf3 c5 6. Ne2 Nc6 {[%emt 0:00:08] C01: French: Exchange Variation.} 7. Be3 e5 8. Bxc6+ bxc6 9. c3 cxd4 10. cxd4 exd4 11. Qxd4 Qxd4 12. Nxd4 Bb4+ $146 ({Predecessor:} 12... c5 13. Nb5 Rb8 14. N1c3 Bd7 15. a4 Be7 16. Bf4 Rb7 17. Nd6+ Bxd6 18. Bxd6 c4 {1-0 Doluhanova,E (2259)-Smirnova,E (2162) Moscow op-B (Women) 13th 2017 (8)}) 13. Bd2 Bc5 14. Nb3 Bb6 15. O-O O-O 16. Bb4 Re8 17. Nc3 Ne4 18. Nxe4 Rxe4 19. a3 Be6 20. Nc5 Re2 21. Nxe6 fxe6 22. Rab1 a5 23. Bd6 Rd8 24. Bg3 Rdd2 25. b3 Rb2 (25... Ra2 $1 $17 26. a4 Bd4) 26. h4 (26. b4 $15) 26... Bxf2+ 27. Bxf2 Rxf2 28. Rxb2 Rxb2 29. Rf3 Rc2 30. a4 ({Better is} 30. h5 $15) 30... c5 $17 31. h5 (31. g4 $17) 31... h6 32. Re3 Kf7 (32... c4 $1 $19 {...cxb3 would now be deadly.} 33. bxc4 Rc1+ (33... Rxc4 34. Rxe6 Rxa4 35. Ra6 $15) 34. Kf2 Rxc4 35. Rxe6 Kf7 (35... Rxa4 36. Kf3 $11)) 33. Rf3+ $17 Ke7 34. Rg3 Kf6 35. Rf3+ Ke5 36. Re3+ $2 (36. Rg3 $17 {might work better.}) 36... Kf5 ({Black should play} 36... Kd4 $1 $19 37. Rxe6 Rb2 38. Rd6+ Kc3) 37. Rf3+ Ke5 (37... Ke4 $17 38. Rg3 e5) 38. Re3+ $1 $19 {[%emt 0:00:21] [#]} Kf6 (38... Kd4 $1 $19 {[%cal Rd4e3] has better winning chances.} 39. Rxe6 Rb2 40. Rd6+ Kc3) 39. Rf3+ $1 $17 Ke7 40. Rg3 $1 Kf8 41. Rf3+ {[%emt 0:00:11] [#]} Kg8 $2 (41... Ke8 $1 $17 42. Rg3 Kf8 43. Rf3+ Kg8) 42. Re3 $19 c4 43. bxc4 Rxc4 44. Rxe6 Rc5 $2 (44... Rxa4 $19 {Hoping for ...Ra1+.} 45. Ra6 Kf7) 45. g3 (45. Ra6 $15) 45... Rxh5 46. Kg2 Rc5 47. Ra6 Kh7 (47... Kf7 $17) 48. Kh3 $11 h5 49. g4 $1 hxg4+ 50. Kh4 g6 51. Kxg4 Kh6 52. Kf3 $1 Kg5 53. Ke3 Rf5 54. Rb6 Kh5 55. Ke4 Rg5 56. Kf3 Kh4 57. Rb5 Rg3+ 58. Kf2 g5 59. Rxa5 Ra3 60. Kg1 g4 61. Rb5 Kh3 62. Rb1 $1 Rxa4 63. Rb3+ g3 64. Rb1 Ra3 65. Rc1 1/2-1/2

[Event "14th Karen Asrian Memorial 2024"]
[Site "Yerevan"]
[Date "2024.04.25"]
[Round "2.7"]
[White "Baghdasaryan, Vahe"]
[Black "Shahinyan, David"]
[Result "0-1"]
[ECO "C41"]
[WhiteElo "2242"]
[BlackElo "2441"]
[Annotator "TA"]
[PlyCount "82"]
[EventDate "2024.04.24"]
[EventType "swiss"]
[EventCountry "ARM"]
[SourceTitle "playchess.com"]
[Source "ChessBase"]
[SourceQuality "1"]
[TimeControl "40/5400+30:1800+30"]

1. e4 d6 2. d4 Nf6 3. Nc3 e5 4. Nf3 Nbd7 5. Bc4 Be7 6. O-O O-O 7. a4 c6 8. Re1 exd4 9. Nxd4 Ne5 10. Ba2 Re8 {[%emt 0:00:09] The position is equal.} 11. h3 Ng6 12. f4 Bd7 (12... d5 $5) 13. Kh1 Qc7 14. f5 Ne5 15. Nf3 h6 (15... Nxf3 $11 {keeps the balance.} 16. Qxf3 b5) 16. Nxe5 $16 dxe5 17. Re3 Red8 18. Rg3 (18. Qe2 $1 $14) 18... Kf8 {[%emt 0:02:40][%cal Od7e6] [#]} (18... Bxf5 $2 19. Qf3 $18) 19. Bxh6 $1 gxh6 20. Qd2 Ng8 {[%emt 0:19:41] Strongly threatening ...Be8.} 21. Rf1 {[%emt 0:00:56][%cal Og3g8] aiming for Rxg8+!} Be8 (21... Qd6 $5 22. Rd3 $8 Qc7 $11) 22. Qe2 {[%emt 0:10:50][%mdl 8192] Black continues to play with concentration.} (22. Rxg8+ $1 $11 Kxg8 23. Qxh6) 22... Rd6 $19 23. Nd1 Bg5 24. Nf2 Nf6 25. Ng4 Rd2 26. Qf3 (26. Qxd2 Bxd2 27. Nxf6) 26... Nh5 (26... Rxc2 27. Nxf6 Bxf6 28. Qd3 $14) 27. h4 Nxg3+ 28. Qxg3 Bf4 29. Qf3 Qd6 30. g3 h5 31. Nh2 Bh6 32. Qxh5 Bg7 (32... Rxc2 33. f6 Qd2 34. Rf2 Qc1+ (34... Qxf2 35. Qxh6+ Kg8 36. Qg7#) (34... Qe1+ 35. Nf1 $15) 35. Rf1 $17) 33. Qf3 Rd8 34. g4 Rd1 35. g5 Rxf1+ 36. Nxf1 Qd1 37. Qg2 Qh5 38. Qg3 Rd1 39. Kg1 (39. Bc4 $142 Rd4 40. Bd3) 39... Qe2 40. Qh3 Kg8 {[%emt 0:00:00][%cal Og7f8] [#] ( -> ...Bf8!)} 41. f6 Bd7 {[%emt 0:01:11] Weighted Error Value: White=0.50/Black=0.33.  Loses game:     	White=1     	---        Mistake:       	White=2     	Black=1      Inaccurate:     	White=3     	Black=2      OK:         	White=6     	Black=14     Best:        	White=1     	Black=1} (41... Bf8 $142 42. b4 Bxb4 (42... Qxe4 $2 43. c3 $19) 43. Bc4 Bc5+ (43... Qxc4 $2 44. Kh2 $19) 44. Kh1 Qxc4 45. Kh2 Bd7 (45... Rxf1 $2 46. Qd3 $19) (45... Qxc2+ {leads to mate.} 46. Qg2 Qc1 47. g6 Rxf1 48. gxf7+ Kxf7 49. Qg7+ Ke6 50. Qg8+ Kd6 51. Qf8+ Kc7 52. Qg7+ Bd7 53. Qxd7+ Kxd7 54. h5 Qf4+ 55. Kh3 Rh1+ 56. Kg2 Rh2#) 46. Qf3 Rxf1 47. Qd3 Rf2+ (47... Qxa4 {is a self mate.} 48. g6 Rf2+ 49. Kg3 Qa1 50. gxf7+ Kh7 51. f8=N+ Kh6 52. Qe3+ Bxe3 53. Nxd7 Qg1+ 54. Kh3 Rh2#) 48. Kg3 Qe6 (48... Qxc2 49. Qxc2 Rxc2 50. Kf3 Bh3 51. h5 Rf2+ 52. Kg3 Bf1 53. h6 Rf4 54. Kh2 Bf2 55. h7+ Kh8 56. Kh1 Rh4#) (48... Qxd3+ $2 49. cxd3 b6 50. h5 $19) 49. Qxd7 Qxd7 50. g6 Qd2 (50... Rxf6 {gets mated.} 51. h5 Bf2+ 52. Kh2 Rf3 53. gxf7+ Kxf7 54. h6 Qh3#) 51. gxf7+ Kxf7 52. Kh3 Qf4 53. h5 Rh2#) 0-1

[Event "14th Karen Asrian Memorial 2024"]
[Site "Yerevan"]
[Date "2024.04.25"]
[Round "2.8"]
[White "Ambartsumian, Tyhran"]
[Black "Hayrapetyan, Hovik"]
[Result "0-1"]
[ECO "B51"]
[WhiteElo "2178"]
[BlackElo "2432"]
[Annotator "TA"]
[PlyCount "146"]
[EventDate "2024.04.24"]
[EventType "swiss"]
[EventCountry "ARM"]
[SourceTitle "playchess.com"]
[Source "ChessBase"]
[SourceQuality "1"]
[TimeControl "40/5400+30:1800+30"]

1. e4 c5 2. Nf3 d6 3. Bb5+ Nd7 4. a4 Ngf6 5. Nc3 a6 6. Be2 b6 7. d4 cxd4 8. Qxd4 {[%emt 0:00:04] The position is equal.} Bb7 9. O-O e6 10. Rd1 Qc7 11. Be3 Be7 12. Nd2 {[%emt 0:00:30][%cal Bf3d2,Bd2c4,Bc4e3][%mdl 32] White wants to play Nc4.} O-O 13. Nc4 d5 14. exd5 Nxd5 15. Nxd5 Bxd5 16. Bf4 Qc5 17. Qxc5 Bxc5 18. Ne3 Bc6 19. c3 {[%emt 0:00:00] Black should prevent b4.} a5 20. Bb5 Bxb5 21. axb5 Nf6 22. Bd6 Rfc8 23. Bxc5 Rxc5 24. c4 Rb8 25. b3 Rc7 26. Nc2 Ne4 27. Nd4 Nc5 28. Nc6 Rbc8 29. Rab1 Kf8 30. f3 Ke8 31. Kf2 Rd7 32. Ke2 Rcc7 33. h4 f6 34. Rb2 Rxd1 35. Kxd1 $11 {[%emt 0:00:00][%mdl 4096] Endgame. KRN-KRN} Rd7+ 36. Kc2 Kf7 37. Ra2 h5 38. Nb8 Rd4 39. Na6 Nb7 (39... Rxh4 $2 40. Nxc5 Rh2 41. Kc3 $18) 40. g3 g5 41. Kc3 Rd1 42. Rd2 Rxd2 43. Kxd2 gxh4 44. gxh4 {[%emt 0:00:10] KN-KN} Ke7 45. Ke3 Nd6 46. Kd3 Nf5 47. c5 Kd7 {[%emt 0:00:31] ...Kc8 is the strong threat.} (47... bxc5 48. b6 Nd6 49. Nxc5 $14) 48. cxb6 {[%emt 0:00:47] [#] White wants to mate with b7.} Kc8 49. Nc5 Nxh4 50. b7+ Kb8 51. Nd7+ Kxb7 52. Nxf6 Nxf3 53. Nxh5 Kb6 54. Ke3 Ng5 55. Nf4 Kxb5 {[%emt 0:00:30] And now ...Kb4 would win.} 56. Nd3 Nf7 57. Kd4 Nd6 58. Ke5 Nb7 59. Kd4 Nd8 60. Ke5 Kc6 61. Nb2 Kc5 {[%emt 0:00:13] ( -> ...Kb4)} 62. Nd3+ Kb5 63. Kd6 Nb7+ 64. Ke5 $1 Nc5 65. Nb2 $1 Nxb3 {[%emt 0:05:51] Strongly threatening ...Nc5.} (65... Kb4 $5 66. Nc4 $8 Nd7+ (66... Kxb3 67. Nxa5+ Kc3 68. Kd6 $11) (66... a4 67. bxa4 Kxc4 68. a5 $11) 67. Kxe6 Nf8+ (67... Kxb3 68. Nxa5+ Kc3 69. Kxd7 $11) 68. Ke7 Ng6+ (68... Kxb3 69. Nxa5+ Kc3 70. Kxf8 $11) 69. Kd7 Kxb3 70. Nxa5+ Kc3 $11) 66. Kxe6 Kc5 (66... Nd2 $5 67. Kd5 $8 Nf1 $11) 67. Kd7 $2 {[%emt 0:00:59][%mdl 8192] [#] Loses the game.} (67. Na4+ $11 Kb4 68. Nb2) 67... Nd2 68. Nd3+ Kc4 69. Ne5+ Kc3 {[%emt 0:00:14] Black mates.} 70. Nc6 a4 71. Na7 Kc4 72. Nc6 a3 73. Ne5+ Kc3 {[%emt 0:00:05] Weighted Error Value: White=0.02 (flawless) /Black=0.02 (flawless) .  Loses game:     	White=1     	---        Inaccurate:     	White=2     	Black=1      OK:         	White=32    	Black=33     Best:        	White=3     	Black=3      Strong:       	White=2     	---} 0-1

[Event "14th Karen Asrian Memorial 2024"]
[Site "Yerevan"]
[Date "2024.04.26"]
[Round "3.1"]
[White "Petrosyan, Manuel"]
[Black "Nigalidze, Gaioz"]
[Result "1-0"]
[ECO "B51"]
[WhiteElo "2616"]
[BlackElo "2373"]
[Annotator "TA"]
[PlyCount "83"]
[EventDate "2024.04.24"]
[EventType "swiss"]
[EventCountry "ARM"]
[SourceTitle "playchess.com"]
[Source "ChessBase"]
[SourceQuality "1"]
[TimeControl "40/5400+30:1800+30"]

1. e4 c5 2. Nf3 d6 3. Bb5+ Nd7 4. d4 cxd4 5. Qxd4 a6 6. Be2 e5 7. Qe3 Ngf6 8. c4 {[%emt 0:00:55] The position is equal.} Nc5 9. Nc3 Ng4 10. Qd2 f5 (10... Bd7 $14) 11. exf5 $16 Bxf5 12. b4 Ne6 13. Bd3 g6 14. Qc2 Bxd3 15. Qxd3 Bg7 16. O-O O-O 17. Qd5 Qe7 18. Ne4 Nf6 19. Qxd6 {[%emt 0:01:50] White is much more active.} Qxd6 20. Nxd6 e4 21. Ng5 Ne8 22. Nxe6 ({Don't play} 22. Nxb7 $6 Nxg5 23. Bxg5 Rb8 $11) (22. Ndxe4 Bxa1 (22... Nxg5 23. Bxg5 Bxa1 24. Rxa1 $14) 23. Nxe6 Rf5 $16) 22... Bxa1 23. Nxe8 ({Of course not} 23. Nxe4 $6 Rf7 $11) (23. Nxf8 {simplifies} Nxd6 24. Nxh7 Nxc4 25. Ng5) 23... Rfxe8 24. Nc7 Bc3 $1 25. a3 $36 {[%emt 0:01:49][%cal Oc1g5][%mdl 2048] White has good play.} a5 26. bxa5 Kf7 27. Nxa8 Rxa8 {[%emt 0:00:29][%mdl 4096] Endgame. KRB-KRB} 28. Rd1 Ke6 29. g4 Rxa5 30. Rd8 Ke5 (30... Be5 $14) 31. Rd7 h5 32. gxh5 gxh5 33. Rxb7 Kd4 {[%emt 0:00:27] [#]} (33... Ra4 $16 {was worth a try.} 34. Rb5+ Kd4) 34. Rc7 $1 $18 Kd3 35. c5 Kc2 (35... Kc4 {might work better.} 36. c6 Kd5) 36. Bf4 Rxa3 37. Rd7 {[%emt 0:00:55] Prevents Bd2. Black must now prevent c6.} Ra6 38. Rd6 {[%emt 0:01:43] Dodges Rc6} Ra4 39. c6 {[%emt 0:05:32] [#] c7 would now be deadly.} Rc4 40. Rh6 {[%emt 0:00:00][%cal Oc6c7] Strongly threatening c7!} Bg7 $2 (40... Bd2) 41. Re6 (41. Rxh5 Rxc6 42. h4 Bd4 $16) 41... Bd4 42. c7 {[%emt 0:01:11] Weighted Error Value: White=0.08 (flawless) /Black=0.34.  Mistake:       	---       	Black=6      Inaccurate:     	White=2     	Black=2      OK:         	White=22    	Black=12     Best:        	White=1     	Black=2      Strong:       	---       	Black=1} ({Not} 42. Rxe4 Bxf2+ 43. Kxf2 Rxe4 $11) 1-0